 Dungeon Crawl Stone Soup version 0.26.0-10-g1f06aea511 (webtiles) character file.

Game seed: 9179937931560974851

7 Goblin1989 the Sneak (level 1, -5/18 HPs)
             Began as a Demonspawn Delver on Feb 4, 2021.
             Slain by a mummy (16 damage)
             ... in an ossuary on Feb 5, 2021.
             The game lasted 00:01:40 (490 turns).

Goblin1989 the Sneak (Demonspawn Delver)             Turns: 490, Time: 00:01:40

Health: -5/18      AC:  3    Str: 12    XL:     1   Next: 91%
Magic:  0/1        EV: 12    Int: 11    God:
Gold:   17         SH:  0    Dex: 14    Spells: 0/0 levels left

rFire    . . .     SeeInvis .   a - +0 mace
rCold    . . .     Faith    .   (no shield)
rNeg     . . .     Spirit   +   b - +0 leather armour
rPois    .         Reflect  .   (no helmet)
rElec    .         Harm     .   (no cloak)
rCorr    .         Rampage  .   (no gloves)
Will     .....                  (no boots)
Stlth    ++........             h - amulet of guardian spirit
HPRegen  0.06/turn              (no ring)
MPRegen  0.07/turn              (no ring)

@: no status effects
A: no striking features
a: no special abilities


You were in an ossuary.
You visited 1 branch of the dungeon, and saw 1 of its levels.
You also visited: Ossuary.

You collected 17 gold pieces.

Inventory:

Hand Weapons
 a - a +0 mace (weapon)
Armour
 b - a +0 leather armour (worn)
Jewellery
 h - an amulet of guardian spirit (around neck)
Wands
 g - a wand of digging (3) {@v1}
Scrolls
 c - a scroll of fog
 e - a scroll of fear
Potions
 f - a potion of haste {@q3,}


   Skills:
 - Level 3.0 Fighting
 + Level 2.4 Maces & Flails
 - Level 1.7 Dodging
 - Level 4.5 Stealth


You couldn't memorise any spells.
You didn't know any spells.
Your spell library was empty.

Dungeon Overview and Level Annotations

Branches:
Dungeon (5/15)            Ossuary (1/1)
 Temple: D:4-7

Altars:


Message History

You are too injured to fight recklessly!
You are too injured to fight recklessly!
You are too injured to fight recklessly!
You are too injured to fight recklessly!
You are too injured to fight recklessly!
You are too injured to fight recklessly!
You are too injured to fight recklessly!
You sock the kobold skeleton!
You destroy the kobold skeleton!
The orc skeleton closely misses you.
You barely miss the orc skeleton. The orc skeleton closely misses you.
You sock the orc skeleton!
You destroy the orc skeleton!
You start resting.
HP restored.
Health restored: 18
There is an empty arch of ancient stone here.
There is an open gate here.
There is an empty arch of ancient stone here.
The kobold skeleton hits you but does no damage.
You hit the kobold skeleton.
The kobold skeleton is severely damaged.
The kobold skeleton misses you.
You sock the kobold skeleton!
You destroy the kobold skeleton!
No reachable target in view!
No reachable target in view!
No reachable target in view!
No reachable target in view!
No reachable target in view!
No reachable target in view!
No reachable target in view!
No reachable target in view!
No reachable target in view!
No reachable target in view!
No reachable target in view!
No reachable target in view!
No reachable target in view!
There is an empty arch of ancient stone here.
There is an open gate here.
A mummy comes into view.
There is an open gate here.
There is an empty arch of ancient stone here.
You hit the gnoll skeleton.
The gnoll skeleton is moderately damaged.
The gnoll skeleton barely misses you.
You hit the gnoll skeleton.
The gnoll skeleton is severely damaged.
The gnoll skeleton hits you. The orc skeleton hits you.
You take 5 damage, and have 13/18 hp.
MASSIVE DAMAGE!!
You now have 0/1 mp.
You hit the gnoll skeleton.
The gnoll skeleton is severely damaged.
The gnoll skeleton hits you. The orc skeleton hits you.
You take 2 damage, and have 11/18 hp.
You hit the gnoll skeleton.
The gnoll skeleton is almost destroyed.
The gnoll skeleton closely misses you. The orc skeleton closely misses you.
You hit the gnoll skeleton but do no damage.
The gnoll skeleton is almost destroyed.
The gnoll skeleton barely misses you. The orc skeleton closely misses you.
You hit the gnoll skeleton.
You destroy the gnoll skeleton!
The orc skeleton hits you but does no damage.
You hit the orc skeleton.
The orc skeleton is moderately damaged.
The orc skeleton closely misses you.
You hit the orc skeleton.
The orc skeleton is severely damaged.
The orc skeleton hits you but does no damage.
You hit the orc skeleton.
The orc skeleton is almost destroyed.
The mummy barely misses you. The orc skeleton hits you.
You take 1 damage, and have 10/18 hp.
You are too injured to fight recklessly!
You are too injured to fight recklessly!
You are too injured to fight recklessly!
You are too injured to fight recklessly!
You are too injured to fight recklessly!
You are too injured to fight recklessly!
You are too injured to fight recklessly!
You are too injured to fight recklessly!
You are too injured to fight recklessly!
You are too injured to fight recklessly!
You are too injured to fight recklessly!
You are too injured to fight recklessly!
You are too injured to fight recklessly!
You are too injured to fight recklessly!
You are too injured to fight recklessly!
You are too injured to fight recklessly!
You are too injured to fight recklessly!
You are too injured to fight recklessly!
You are too injured to fight recklessly!
You are too injured to fight recklessly!
You are too injured to fight recklessly!
You are too injured to fight recklessly!
Your leather armour prevents you from hitting the orc skeleton.
The orc skeleton is almost destroyed.
The mummy hits you!
Ouch! That really hurt!
You die...

█...█ █...█
██∆∆∆██
██.....██
████.......███
█W▓...∩.∩...▓W
████.......███
██.MZ..██
██@..██ ██▓██
W█ ██


You could see 2 wraiths, a mummy and an orc skeleton.

Vanquished Creatures
  An orc (D:5)
  3 gnoll skeletons (Ossuary)
  3 kobold skeletons (Ossuary)
  2 orc skeletons (Ossuary)
9 creatures vanquished.

Notes
Turn   | Place    | Note
-------+----------+-------------------------------------------
     0 | D:5      | Goblin1989 the Demonspawn Delver began the quest for the
                  | Orb.
     0 | D:5      | Reached XP level 1. HP: 18/18 MP: 1/1
    47 | D:5      | Found a sand-covered staircase.
    52 | Ossuary  | Entered an ossuary
    52 | Ossuary  | Noticed a wraith
    52 | Ossuary  | Noticed a wraith
    52 | Ossuary  | Noticed a wraith
   490 | Ossuary  | Slain by a mummy

Illustrated notes

Levels and vault maps discovered:
D:5:      layout_cave_pods, enter_ossuary_2, serial_bayou_ford_a, uniq_pikel
Ossuary:  ossuary_due_mausoleum

Skill      XL: |  1 |
---------------+----+-----
Maces & Flails | 2 |  2.4
Fighting       | |  3.0
Dodging        | |  1.7
Stealth        | |  4.5

Action                   || total
-------------------------++-------
Melee: Mace              ||    34
  Use: Scroll            ||     1
Armor: Leather armour    ||     6
Dodge: Dodged            ||    31
